 Dungeon Crawl Stone Soup version 0.23.2-1-ga50397a (webtiles) character file.

Game seed: 5439578915202532932

14 RitorJet the Magician (level 2, -3/19 HPs)
             Began as a Mummy Summoner on June 2, 2019.
             Slain by a gnoll
             ... wielding a +0 spear
              (7 damage)
             ... on level 1 of the Dungeon.
             The game lasted 00:02:40 (1030 turns).

RitorJet the Magician (Mummy Summoner)              Turns: 1030, Time: 00:02:41

Health: -3/19      AC:  2    Str: 11    XL:     2   Next: 27%
Magic:  4/6        EV: 12    Int: 14    God:
Gold:   46         SH:  0    Dex: 12    Spells: 5/8 levels left

rFire    x . .     SeeInvis .   c - +0 short sword
rCold    + . .     Gourm    .   (no shield)
rNeg     + + +     Faith    .   a - +0 robe
rPois    ∞         Spirit   .   (no helmet)
rElec    .         Reflect  .   (no cloak)
rCorr    .         Harm     .   (no gloves)
MR       .....                  (no boots)
Stlth    ++........             (no amulet)
HPRegen  0.06/turn              e - ring of wizardry
MPRegen  0.10/turn              (no ring)

@: no status effects
A: no food or potions, fire vulnerability, cold resistance 1, negative energy
resistance 3, torment resistance, unbreathing
a: no special abilities


You were on level 1 of the Dungeon.
You were not hungry.

You visited 1 branch of the dungeon, and saw 2 of its levels.

You collected 46 gold pieces.

Inventory:

Hand Weapons
 c - a +0 short sword (weapon)
Armour
 a - a +0 robe (worn)
Jewellery
 e - a ring of wizardry (left hand)
Scrolls
 b - 2 scrolls of identify {unknown}
 d - a scroll of remove curse {unknown}


   Skills:
 - Level 0.1 Fighting
 - Level 0.4 Short Blades
 - Level 1.5 Dodging
 - Level 1.5 Stealth
 * Level 3.6 Spellcasting
 + Level 3.2 Summonings


You had 5 spell levels left.
You knew the following spells:

 Your Spells              Type           Power        Failure   Level  Hunger
a - Summon Small Mammal   Summ           ##..         2%          1    N/A
b - Call Imp              Summ           ##......     3%          2    N/A

Your spell library contained the following spells:

 Spells                   Type           Power        Failure   Level  Hunger
 Call Canine Familiar     Summ           ##......     6%          3    N/A
 Summon Guardian Golem    Hex/Summ       #.......     12%         3    N/A
 Summon Ice Beast         Ice/Summ       #.......     38%         4    N/A
 Summon Lightning Spire   Summ/Air       #.......     38%         4    N/A

Dungeon Overview and Level Annotations

Branches:
Dungeon (2/15)

Altars:


Innate Abilities, Weirdness & Mutations

You do not eat or drink.
Your flesh is vulnerable to fire.
You are immune to poison.
Your flesh is cold resistant. (rC+)
You are immune to negative energy. (rN+++)
You are immune to unholy pain and torment.
You can survive without breathing.


Message History

Done exploring.
Done exploring.
Done exploring.
There is a stone staircase leading down here.
You climb downwards. 3 gnolls come into view.
A gnoll is wielding a +2 spear of flaming.
There is a stone staircase leading up here.
The gnoll hits you with a +2 spear of flaming.
The gnoll burns you. The gnoll hits you with a +0 spear.
* * * LOW HITPOINT WARNING * * *
The gnoll shouts!
You climb upwards.
There is a stone staircase leading down here.
Casting: Call Imp (safe; 3% risk of failure)
Confirm with . or Enter, or press ? or * to list all spells.
A beastly little devil appears in a puff of flame.
The gnoll closely misses you.
The gnoll hits you from afar with a +0 spear!
You die...

#. #. #. #. #. #. #.
######### ###
#...g>@.#############..
#.#####5...............
#.##...)############...
#.##.##.#### #...
#..........# #...
####.#.###.# ##..
#.....#.# #.# ###.#.#.#
#.# #.#.#.####### #..


You could see a gnoll and a friendly crimson imp.

Vanquished Creatures
  A leopard gecko (D:1)
  A bat (D:1)
  A giant cockroach (D:1)
  A goblin (D:1)
  A kobold (D:1)
  3 rats (D:1)
8 creatures vanquished.

Vanquished Creatures (collateral kills)
  A dart slug (D:1)
  2 goblins (D:1)
  2 hobgoblins (D:1)
  A bat (D:1)
  2 kobolds (D:1)
8 creatures vanquished.

Grand Total: 16 creatures vanquished

Notes
Turn   | Place    | Note
-------+----------+-------------------------------------------
     0 | D:1      | RitorJet the Mummy Summoner began the quest for the Orb.
     0 | D:1      | Reached XP level 1. HP: 13/13 MP: 4/4
   507 | D:1      | Reached XP level 2. HP: 16/19 MP: 3/6
   552 | D:1      | Learned a level 2 spell: Call Imp
  1030 | D:1      | Slain by a gnoll

Skill      XL: |  1 |
---------------+----+-----
Spellcasting   | 3 |  3.6
Fighting       | |  0.1
Short Blades   | |  0.4
Dodging        | |  1.5
Stealth        | |  1.5
Summonings     | |  3.2

Action                   || total
-------------------------++-------
Melee: Short sword       ||    20
 Cast: Summon Small Mamm ||    14
       Call Imp          ||     7
Armor: Robe              ||     6
Dodge: Dodged            ||     9
